| TOP OF THE 1ST |
|
Williamsport Crosscutters batting - Pitching for Batavia Muckdogs : RHP Ib Skovgaard
|
|
Pitching: RHP Ib Skovgaard
|
|
|
Batting: LHB Jonathan Roman
|
0-0: Bunt missed! 0-1: Ball 1-1: SOLO HOME RUN (Flyball, 7LD, EV 91.2 MPH), Distance : 341 ft
|
|
Batting: RHB Allen Gravel
|
0-0: Ball 1-0: Ball 2-0: Fly out, F8 (Flyball, 8RXD, EV 86.9 MPH)
|
|
Batting: RHB Tony Perez
|
0-0: Ball 1-0: Ball 2-0: Ball 3-0: Base on Balls
|
|
Batting: LHB Eric Farren
|
0-0: Called Strike 0-1: Ball 1-1: Swinging Strike 1-2: Strikes out looking
|
|
Batting: RHB Jose Corral
|
0-0: Called Strike 0-1: Called Strike Tony Perez steals 2nd base 0-2: Strikes out swinging
|
| Top of the 1st over - 1 run, 1 hit, 0 errors, 1 left on base; Williamsport 1 - Batavia 0 |
| BOTTOM OF THE 1ST |
|
Batavia Muckdogs batting - Pitching for Williamsport Crosscutters : RHP Gregorio Padilla
|
|
Pitching: RHP Gregorio Padilla
|
|
|
Batting: LHB Orlando Rivera
|
0-0: Called Strike 0-1: Ball 1-1: Called Strike 1-2: Foul Ball, location: 2F 1-2: Ball 2-2: TRIPLE (Line Drive, 9D, EV 105.0 MPH)
|
|
Batting: RHB Manuel Taveras
|
0-0: Foul Ball, location: 2F 0-1: Called Strike 0-2: Ball 1-2: Ball 2-2: Strikes out swinging
|
|
Batting: RHB Nate Crofts
|
0-0: Called Strike 0-1: Ball 1-1: 2-RUN HOME RUN (Flyball, 7LD, EV 92.5 MPH), Distance : 348 ft
|
|
Batting: SHB Matt Moore
|
0-0: Ball 1-0: Swinging Strike 1-1: Foul Ball, location: 2F 1-2: Foul Ball, location: 2F 1-2: Strikes out swinging
|
|
Batting: LHB Matt McKeon
|
0-0: Ball 1-0: Ball 2-0: Ball 3-0: Called Strike 3-1: Base on Balls
|
|
Batting: RHB Chris Alft
|
0-0: Swinging Strike 0-1: Ball Matt McKeon steals 2nd base 1-1: Ball 2-1: Foul Ball, location: 2F 2-2: Foul Ball, location: 2F 2-2: Strikes out swinging
|
| Bottom of the 1st over - 2 runs, 2 hits, 0 errors, 1 left on base; Williamsport 1 - Batavia 2 |
| TOP OF THE 2ND |
|
Williamsport Crosscutters batting - Pitching for Batavia Muckdogs : RHP Ib Skovgaard
|
|
Batting: RHB Mike Bell
|
0-0: Called Strike 0-1: Called Strike 0-2: Strikes out looking
|
|
Batting: RHB Juan Valadez
|
0-0: Ball 1-0: Called Strike 1-1: Foul Ball, location: 2F 1-2: Foul Ball, location: 2F 1-2: Foul Ball, location: 2F 1-2: Strikes out swinging
|
|
Batting: SHB Steve DeRienzo
|
0-0: Ball 1-0: Ball 2-0: Foul Ball, location: 2F 2-1: Foul Ball, location: 2F 2-2: Strikes out swinging
|
| Top of the 2nd over - 0 runs, 0 hits, 0 errors, 0 left on base; Williamsport 1 - Batavia 2 |
| BOTTOM OF THE 2ND |
|
Batavia Muckdogs batting - Pitching for Williamsport Crosscutters : RHP Gregorio Padilla
|
|
Batting: RHB Justin Dunham
|
0-0: Ground out 5-3 (Groundball, 56, EV 85.6 MPH)
|
|
Batting: SHB Justin Corbett
|
0-0: Ball 1-0: Swinging Strike 1-1: Fly out, F4 (Popup, 4M, EV 57.5 MPH)
|
|
Batting: RHB Axel Moltke
|
0-0: Fly out, F2 (Popup, 25F, EV 85.0 MPH)
|
| Bottom of the 2nd over - 0 runs, 0 hits, 0 errors, 0 left on base; Williamsport 1 - Batavia 2 |
| TOP OF THE 3RD |
|
Williamsport Crosscutters batting - Pitching for Batavia Muckdogs : RHP Ib Skovgaard
|
|
Batting: RHB Eddie Serna
|
0-0: Ball 1-0: Ball 2-0: Called Strike 2-1: Ball 3-1: Base on Balls
|
|
Batting: LHB Jonathan Roman
|
0-0: Called Strike 0-1: Ball 1-1: Called Strike 1-2: 2-RUN HOME RUN (Flyball, 9D, EV 95.0 MPH), Distance : 353 ft
|
|
Batting: RHB Allen Gravel
|
0-0: Ball 1-0: Ball 2-0: Swinging Strike 2-1: DOUBLE (Flyball, 8LXD, EV 88.1 MPH)
|
|
Batting: RHB Tony Perez
|
0-0: Ball 1-0: Ground out 5-3 (Groundball, 56S, EV 86.2 MPH)
|
|
Batting: LHB Eric Farren
|
0-0: Ball 1-0: Foul Ball, location: 2F 1-1: Fly out, F6 (Popup, 6M, EV 73.1 MPH)
|
|
Batting: RHB Jose Corral
|
0-0: Ball 1-0: Called Strike 1-1: Swinging Strike 1-2: Ball 2-2: Ball 3-2: Base on Balls
|
|
Batting: RHB Mike Bell
|
0-0: Ball 1-0: Foul Ball, location: 2F 1-1: Called Strike 1-2: Ball 2-2: Foul Ball, location: 2F 2-2: Ball 3-2: Base on Balls Allen Gravel to third Jose Corral to second
|
|
Pitching: RHP Adrian Bocker
|
|
|
Batting: RHB Juan Valadez
|
0-0: Ball Wild Pitch! Allen Gravel scores Jose Corral to third Mike Bell to second 1-0: Ball 2-0: Ball 3-0: Base on Balls
|
|
Batting: SHB Steve DeRienzo
|
0-0: Ball 1-0: Hit by Pitch Jose Corral scores Mike Bell to third Juan Valadez to second
|
|
Batting: RHB Eddie Serna
|
0-0: Ball 1-0: Ground out 5-3 (Groundball, 56S, EV 76.9 MPH)
|
| Top of the 3rd over - 4 runs, 2 hits, 0 errors, 3 left on base; Williamsport 5 - Batavia 2 |
| BOTTOM OF THE 3RD |
|
Batavia Muckdogs batting - Pitching for Williamsport Crosscutters : RHP Gregorio Padilla
|
|
Batting: LHB Orlando Rivera
|
0-0: Called Strike 0-1: Foul Ball, location: 2F 0-2: Foul Ball, location: 2F 0-2: Ball 1-2: Foul Ball, location: 2F 1-2: Strikes out looking
|
|
Batting: RHB Manuel Taveras
|
0-0: DOUBLE (Line Drive, 7LD, EV 106.9 MPH)
|
|
Batting: RHB Nate Crofts
|
0-0: SINGLE (Line Drive, 8RS, EV 103.8 MPH) Manuel Taveras to third Runner from 3rd tries for Home, SAFE, throw by CF to home
|
|
Batting: SHB Matt Moore
|
0-0: Ball 1-0: Swinging Strike 1-1: Ball Passed Ball! Nate Crofts to second 2-1: Ball 3-1: Base on Balls
|
|
Batting: LHB Matt McKeon
|
0-0: Called Strike 0-1: Ball 1-1: Called Strike 1-2: Ball 2-2: Ball 3-2: Base on Balls Nate Crofts to third Matt Moore to second
|
|
Batting: RHB Chris Alft
|
0-0: Ball 1-0: Fly out, F7 (Line Drive, 7, EV 90.0 MPH)
|
|
Batting: RHB Justin Dunham
|
0-0: Ball 1-0: Ball 2-0: SINGLE (Flyball, 56D, EV 88.1 MPH) Nate Crofts scores Matt Moore to third Matt McKeon to second Runner from 3rd tries for Home, SAFE, throw by LF to home
|
|
Pitching: RHP Victor Hurtado
|
|
|
Batting: SHB Justin Corbett
|
0-0: Called Strike 0-1: Ball 1-1: Ball 2-1: Ball 3-1: Foul Ball, location: 2F 3-2: Strikes out swinging
|
| Bottom of the 3rd over - 3 runs, 3 hits, 0 errors, 2 left on base; Williamsport 5 - Batavia 5 |
| TOP OF THE 4TH |
|
Williamsport Crosscutters batting - Pitching for Batavia Muckdogs : RHP Adrian Bocker
|
|
Batting: LHB Jonathan Roman
|
0-0: Called Strike 0-1: Ball 1-1: Ball 2-1: Foul Ball, location: 2F 2-2: Foul Ball, location: 2F 2-2: Ball 3-2: Base on Balls
|
|
Batting: RHB Allen Gravel
|
0-0: Called Strike 0-1: Ball Jonathan Roman steals 2nd base 1-1: Ground out 4-3 (Groundball, 4, EV 89.4 MPH) Jonathan Roman to third
|
|
Batting: RHB Tony Perez
|
0-0: Foul Ball, location: 2F 0-1: Ball 1-1: Ball 2-1: Foul Ball, location: 2F 2-2: Ball 3-2: Base on Balls
|
|
Batting: LHB Eric Farren
|
0-0: Ball 1-0: Ball 2-0: 3-RUN HOME RUN (Flyball, 9LD, EV 93.8 MPH), Distance : 339 ft
|
|
Batting: RHB Jose Corral
|
0-0: Ball 1-0: Foul Ball, location: 2F 1-1: Fly out, F8 (Flyball, 8RD, EV 94.4 MPH)
|
|
Batting: RHB Mike Bell
|
0-0: Called Strike 0-1: Ball 1-1: Swinging Strike 1-2: Strikes out swinging
|
| Top of the 4th over - 3 runs, 1 hit, 0 errors, 0 left on base; Williamsport 8 - Batavia 5 |
| BOTTOM OF THE 4TH |
|
Batavia Muckdogs batting - Pitching for Williamsport Crosscutters : RHP Victor Hurtado
|
|
Batting: RHB Axel Moltke
|
0-0: Ball 1-0: DOUBLE (Groundball, 3L, EV 105.0 MPH)
|
|
Batting: LHB Orlando Rivera
|
0-0: Called Strike 0-1: Ball 1-1: SINGLE (Groundball, 4MD, EV 98.1 MPH) Axel Moltke to third Runner from 3rd tries for Home, SAFE, throw by CF to home
|
|
DELAY
|
Rain delay of 58 minutes in the 4th inning.
|
|
Batting: RHB Manuel Taveras
|
0-0: Ball Orlando Rivera steals 2nd base 1-0: Called Strike 1-1: Ball 2-1: Ball 3-1: Base on Balls
|
|
Batting: RHB Nate Crofts
|
0-0: Ball 1-0: Called Strike 1-1: Fly out, F8 (Line Drive, 8LD, EV 86.2 MPH)
|
|
Batting: SHB Matt Moore
|
0-0: Ball 1-0: Ball 2-0: Ball 3-0: Foul Ball, location: 2F 3-1: Called Strike 3-2: Foul Ball, location: 2F 3-2: Strikes out swinging
|
|
Batting: LHB Matt McKeon
|
0-0: Called Strike 0-1: Foul Ball, location: 2F 0-2: Ball 1-2: Foul Ball, location: 2F 1-2: Ball Wild Pitch! Orlando Rivera to third Manuel Taveras to second 2-2: Ball Wild Pitch! Orlando Rivera scores Manuel Taveras to third 3-2: SINGLE (Groundball, 5S, EV 66.9 MPH) (infield hit) Manuel Taveras scores
|
|
Batting: RHB Chris Alft
|
0-0: Ball 1-0: Swinging Strike 1-1: Ground out U3 (Groundball, 3, EV 90.0 MPH)
|
| Bottom of the 4th over - 3 runs, 3 hits, 0 errors, 1 left on base; Williamsport 8 - Batavia 8 |
| TOP OF THE 5TH |
|
Williamsport Crosscutters batting - Pitching for Batavia Muckdogs : RHP Adrian Bocker
|
|
Batting: RHB Juan Valadez
|
0-0: DOUBLE (Line Drive, 3D, EV 97.5 MPH) - OUT at third base trying to stretch hit.
|
|
Batting: SHB Steve DeRienzo
|
0-0: Ball 1-0: Ball 2-0: Ball 3-0: Base on Balls
|
|
Batting: RHB Eddie Serna
|
0-0: Ball Steve DeRienzo is caught stealing 2nd base 2-4 1-0: Called Strike 1-1: SOLO HOME RUN (Line Drive, 78XD, EV 105.6 MPH), Distance : 401 ft
|
|
Batting: LHB Jonathan Roman
|
0-0: Ball 1-0: Ball 2-0: Ball 3-0: Base on Balls
|
|
Batting: RHB Allen Gravel
|
0-0: Ball Jonathan Roman steals 2nd base 1-0: Ground out 5-3 (Groundball, 5L, EV 81.2 MPH)
|
| Top of the 5th over - 1 run, 2 hits, 0 errors, 1 left on base; Williamsport 9 - Batavia 8 |
| BOTTOM OF THE 5TH |
|
Batavia Muckdogs batting - Pitching for Williamsport Crosscutters : RHP Victor Hurtado
|
|
Batting: RHB Justin Dunham
|
0-0: Ground out U3 (Groundball, 34, EV 80.6 MPH)
|
|
Batting: SHB Justin Corbett
|
0-0: Called Strike 0-1: Foul Ball, location: 2F 0-2: Ball 1-2: Foul Ball, location: 2F 1-2: Strikes out looking
|
|
Batting: RHB Axel Moltke
|
0-0: Foul Ball, location: 2F 0-1: Swinging Strike 0-2: Ball 1-2: Foul Ball, location: 2F 1-2: Ball 2-2: Strikes out swinging
|
| Bottom of the 5th over - 0 runs, 0 hits, 0 errors, 0 left on base; Williamsport 9 - Batavia 8 |
| TOP OF THE 6TH |
|
Williamsport Crosscutters batting - Pitching for Batavia Muckdogs : RHP Adrian Bocker
|
|
Batting: RHB Tony Perez
|
0-0: Ball 1-0: SOLO HOME RUN (Flyball, 8RXD, EV 116.2 MPH), Distance : 433 ft
|
|
Batting: LHB Eric Farren
|
0-0: Called Strike 0-1: Foul Ball, location: 2F 0-2: Ground out 6-3 (Groundball, 6, EV 86.9 MPH)
|
|
Batting: RHB Jose Corral
|
0-0: Ball 1-0: Fly out, F7 (Flyball, 78S, EV 93.1 MPH)
|
|
Batting: RHB Mike Bell
|
0-0: Ball 1-0: Ball 2-0: Called Strike 2-1: Foul Ball, location: 2F 2-2: Foul Ball, location: 2F 2-2: SINGLE (Groundball, 6MD, EV 106.9 MPH)
|
|
Pitching: RHP Chris Riddick
|
|
|
Batting: RHB Juan Valadez
|
0-0: Ball 1-0: Called Strike 1-1: Ball Mike Bell steals 2nd base 2-1: Called Strike 2-2: Ground out 6-3 (Groundball, 6, EV 82.5 MPH)
|
| Top of the 6th over - 1 run, 2 hits, 0 errors, 1 left on base; Williamsport 10 - Batavia 8 |
| BOTTOM OF THE 6TH |
|
Batavia Muckdogs batting - Pitching for Williamsport Crosscutters : RHP Victor Hurtado
|
|
Pitching: RHP Tony Ferreira
|
|
|
Batting: LHB Orlando Rivera
|
0-0: Ball 1-0: Called Strike 1-1: Foul Ball, location: 2F 1-2: Strikes out swinging
|
|
Batting: RHB Manuel Taveras
|
0-0: Called Strike 0-1: Called Strike 0-2: Ball 1-2: Strikes out swinging
|
|
Batting: RHB Nate Crofts
|
0-0: Ball 1-0: Ground out 5-3 (Groundball, 56, EV 76.9 MPH)
|
| Bottom of the 6th over - 0 runs, 0 hits, 0 errors, 0 left on base; Williamsport 10 - Batavia 8 |
| TOP OF THE 7TH |
|
Williamsport Crosscutters batting - Pitching for Batavia Muckdogs : RHP Chris Riddick
|
|
Batting: SHB Steve DeRienzo
|
0-0: Ball 1-0: Ground out 4-3 (Groundball, 13, EV 86.2 MPH)
|
|
Batting: RHB Eddie Serna
|
0-0: Ball 1-0: Fly out, F1 (Line Drive, P, EV 69.4 MPH)
|
|
Batting: LHB Jonathan Roman
|
0-0: Ball 1-0: Called Strike 1-1: Ball 2-1: Ball 3-1: Foul Ball, location: 2F 3-2: Foul Ball, location: 2F 3-2: Reached on error, E1 (Groundball, 34S, EV 76.9 MPH)
|
|
Batting: RHB Allen Gravel
|
0-0: Called Strike 0-1: Called Strike 0-2: Ball 1-2: Ball 2-2: Ball 3-2: Base on Balls
|
|
Batting: RHB Tony Perez
|
0-0: Ball Wild Pitch! Jonathan Roman to third Allen Gravel to second 1-0: Ball 2-0: Ball 3-0: Base on Balls
|
|
Batting: LHB Eric Farren
|
0-0: Fly out, F7 (Flyball, 7LM, EV 90.6 MPH)
|
| Top of the 7th over - 0 runs, 0 hits, 1 error, 3 left on base; Williamsport 10 - Batavia 8 |
| BOTTOM OF THE 7TH |
|
Batavia Muckdogs batting - Pitching for Williamsport Crosscutters : RHP Tony Ferreira
|
|
Pitching: RHP Dusty DuPont
|
|
|
Batting: SHB Matt Moore
|
0-0: Ball 1-0: Ground out 4-3 (Groundball, 4, EV 101.9 MPH)
|
|
Batting: LHB Matt McKeon
|
0-0: Ball 1-0: Swinging Strike 1-1: Ball 2-1: Swinging Strike 2-2: Foul Ball, location: 2F 2-2: Strikes out swinging
|
|
Batting: RHB Chris Alft
|
0-0: Called Strike 0-1: Swinging Strike 0-2: Foul Ball, location: 2F 0-2: Foul Ball, location: 2F 0-2: Ball 1-2: Strikes out swinging
|
| Bottom of the 7th over - 0 runs, 0 hits, 0 errors, 0 left on base; Williamsport 10 - Batavia 8 |
| TOP OF THE 8TH |
|
Williamsport Crosscutters batting - Pitching for Batavia Muckdogs : RHP Chris Riddick
|
|
Batting: RHB Jose Corral
|
0-0: Ball 1-0: Ball 2-0: Ball 3-0: Called Strike 3-1: Ground out U3 (Groundball, 3, EV 80.6 MPH)
|
|
Batting: RHB Mike Bell
|
0-0: Called Strike 0-1: Ball 1-1: Foul Ball, location: 2F 1-2: Ball 2-2: Ball 3-2: Base on Balls
|
|
Batting: RHB Juan Valadez
|
0-0: Called Strike 0-1: Ball 1-1: Ball Mike Bell is caught stealing 2nd base 2-4 2-1: Ball 3-1: Base on Balls
|
|
Batting: SHB Steve DeRienzo
|
0-0: Ball Juan Valadez steals 2nd base 1-0: Ball 2-0: Ball 3-0: Swinging Strike 3-1: Base on Balls
|
|
Batting: RHB Eddie Serna
|
0-0: Ball 1-0: DOUBLE (Flyball, 78D, EV 106.9 MPH) Juan Valadez scores Steve DeRienzo to third Runner from 3rd tries for Home, SAFE, no throw by CF
|
|
Batting: LHB Jonathan Roman
|
0-0: Ball 1-0: Ball 2-0: Ball 3-0: Called Strike 3-1: Base on Balls
|
|
Batting: RHB Allen Gravel
|
0-0: Called Strike 0-1: Called Strike 0-2: Ball Wild Pitch! Eddie Serna to third Jonathan Roman to second 1-2: SINGLE (Groundball, 6S, EV 61.9 MPH) (infield hit) Eddie Serna scores Jonathan Roman to third
|
|
Batting: RHB Tony Perez
|
0-0: Foul Ball, location: 2F 0-1: Ball 1-1: Foul Ball, location: 2F 1-2: SINGLE (Groundball, 34D, EV 102.5 MPH) Jonathan Roman scores Allen Gravel to second Runner from 2nd tries for 3rd, SAFE, throw by RF made to third
|
|
Pitching: RHP Eric Jordan
|
|
|
Batting: LHB Eric Farren
|
0-0: Foul Ball, location: 2F 0-1: Ball 1-1: Ball 2-1: Ball 3-1: Foul Ball, location: 2F 3-2: Base on Balls Tony Perez to second
|
|
Batting: RHB Jose Corral
|
0-0: Called Strike 0-1: Ball 1-1: Called Strike 1-2: SINGLE (Line Drive, 89M, EV 93.1 MPH) Allen Gravel scores Tony Perez to third Eric Farren to second Runner from 3rd tries for Home, throw by CF and OUT! 8-2
|
| Top of the 8th over - 5 runs, 4 hits, 0 errors, 2 left on base; Williamsport 15 - Batavia 8 |
| BOTTOM OF THE 8TH |
|
Batavia Muckdogs batting - Pitching for Williamsport Crosscutters : RHP Dusty DuPont
|
|
Batting: RHB Justin Dunham
|
0-0: Ball 1-0: Foul Ball, location: 2F 1-1: Foul Ball, location: 2F 1-2: Strikes out swinging
|
|
Batting: SHB Justin Corbett
|
0-0: Ball 1-0: Swinging Strike 1-1: Foul Ball, location: 2F 1-2: Strikes out looking
|
|
Batting: RHB Axel Moltke
|
0-0: Ball 1-0: Ball 2-0: Ball 3-0: Base on Balls
|
|
Batting: LHB Orlando Rivera
|
0-0: Called Strike 0-1: Ball 1-1: Called Strike 1-2: Ball 2-2: Strikes out swinging
|
| Bottom of the 8th over - 0 runs, 0 hits, 0 errors, 1 left on base; Williamsport 15 - Batavia 8 |
| TOP OF THE 9TH |
|
Williamsport Crosscutters batting - Pitching for Batavia Muckdogs : RHP Eric Jordan
|
|
Batting: RHB Mike Bell
|
0-0: Ball 1-0: Ball 2-0: Swinging Strike 2-1: Swinging Strike 2-2: Strikes out swinging
|
|
Batting: RHB Juan Valadez
|
0-0: Called Strike 0-1: Ball 1-1: Ball 2-1: Ball 3-1: Called Strike 3-2: Base on Balls
|
|
Batting: SHB Steve DeRienzo
|
Balk! Juan Valadez to second 0-0: Ball 1-0: Ground out U3 (Groundball, 3, EV 86.9 MPH) Juan Valadez to third
|
|
Batting: RHB Eddie Serna
|
0-0: Ball 1-0: Ball 2-0: Foul Ball, location: 2F 2-1: SINGLE (Groundball, 6D, EV 105.6 MPH) Juan Valadez scores
|
|
Batting: LHB Jonathan Roman
|
Balk! Eddie Serna to second 0-0: Foul Ball, location: 2F 0-1: Ball 1-1: Ball 2-1: Hit by Pitch
|
|
Batting: RHB Allen Gravel
|
0-0: Called Strike 0-1: Ball Wild Pitch! Eddie Serna to third Jonathan Roman to second 1-1: Hit by Pitch
|
|
Batting: RHB Tony Perez
|
0-0: Fielders Choice at 2nd, 6-4 (Groundball, 6, EV 80.6 MPH)
|
| Top of the 9th over - 1 run, 1 hit, 0 errors, 3 left on base; Williamsport 16 - Batavia 8 |
| BOTTOM OF THE 9TH |
|
Batavia Muckdogs batting - Pitching for Williamsport Crosscutters : RHP Dusty DuPont
|
|
Batting: RHB Manuel Taveras
|
0-0: Reached on error, E6 (Groundball, 6, EV 86.9 MPH)
|
|
Pitching: RHP Lance Brisson
|
|
|
Batting: RHB Nate Crofts
|
0-0: Called Strike 0-1: Foul Ball, location: 2F 0-2: Ball 1-2: SINGLE (Groundball, 34D, EV 96.9 MPH) Manuel Taveras to second
|
|
Batting: SHB Matt Moore
|
0-0: Called Strike 0-1: Ball 1-1: Ball 2-1: Foul Ball, location: 2F 2-2: Foul Ball, location: 2F 2-2: Fly out, F9 (Flyball, 9D, EV 101.2 MPH) Runner from 2nd tags up, SAFE at 3rd, no throw by RF
|
|
Batting: LHB Matt McKeon
|
0-0: Called Strike 0-1: Foul Ball, location: 2F 0-2: Ball 1-2: Strikes out swinging
|
|
Batting: RHB Chris Alft
|
0-0: Called Strike 0-1: Ball 1-1: Hit by Pitch Nate Crofts to second
|
|
Batting: RHB Justin Dunham
|
0-0: Called Strike 0-1: Called Strike 0-2: DOUBLE (Flyball, 89XD, EV 105.0 MPH) Manuel Taveras scores Nate Crofts scores Chris Alft to third
|
|
Batting: SHB Justin Corbett
|
0-0: Foul Ball, location: 2F 0-1: Ball 1-1: DOUBLE (Line Drive, 89D, EV 110.0 MPH) Chris Alft scores Justin Dunham scores
|
|
Pitching: LHP Joe Foster
|
|
|
Batting: RHB Axel Moltke
|
0-0: Called Strike 0-1: SINGLE (Line Drive, 6MD, EV 111.2 MPH) Justin Corbett to third
|
|
Pitching: RHP Dustin Greaves
|
|
|
Batting: LHB Orlando Rivera
|
0-0: SINGLE (Groundball, 56D, EV 95.6 MPH) Justin Corbett scores Axel Moltke to second
|
|
Batting: RHB Manuel Taveras
|
0-0: Foul Ball, location: 2F 0-1: Foul Ball, location: 2F 0-2: Strikes out swinging
|
| Bottom of the 9th over - 5 runs, 5 hits, 1 error, 2 left on base; Williamsport 16 - Batavia 13 |
|